AoeStats
← ShogunPilo

Black Forest

509721170Analyzed
2v2 RM · 3d ago on Sep 27, 2026· 65m 56s· 4 players
Game mode
Random Map
Map size
Medium (4 player)
Population
200
Speed
Normal
Resources
Standard
Victory
Conquest
Starting age
Dark Age
Ending age
Imperial Age
RankedLock teamsTeams togetherTeam positionsShared explorationLock speedFull tech treeHidden civsTurbo modeCheats
Victory
Defeat
🇦🇷 Goths · Argentina
961
+14
🇦🇷 Italians · Argentina
900
+16
🇹🇷 Burgundians · Türkiye
928
-16
🇹🇷 Bulgarians · Türkiye
880
-14
Baydoweyy
0:34 Loom
10:08 Double-Bit Axe
13:50 Horse Collar
16:17 Feudal Age
15:01 Gold Mining
16:00 Stone Mining
17:20 Bow Saw
17:24 Heavy Plow
18:03 Stone Shaft Mining
18:39 Gold Shaft Mining
25:15 Castle Age
23:54 Caravan
26:49 Crop Rotation
27:21 Two-Man Saw
28:40 Fortified Wall
28:30 Treadmill Crane
31:51 Forging
31:47 Scale Barding Armor
32:36 Husbandry
33:26 Iron Casting
36:03 Chain Barding Armor
44:58 Imperial Age
46:08 Conscription
45:54 Elite Coustillier
53:57 Blast Furnace
53:33 Plate Barding Armor
55:21 Burgundian Vineyards
58:13 Guilds
etlipilav4381
12:52 Feudal Age
13:53 Horse Collar
14:02 Double-Bit Axe
20:58 Wheelbarrow
23:24 Castle Age
25:52 Bow Saw
28:41 Stone Mining
28:42 Gold Mining
29:20 Heavy Plow
34:28 Imperial Age
38:23 Elite Skirmisher
40:10 Chemistry
39:31 Ballistics
44:04 Stone Shaft Mining
44:05 Gold Shaft Mining
49:18 Padded Archer Armor
49:08 Fletching
49:29 Forging
49:25 Scale Barding Armor
56:31 Leather Archer Armor
56:12 Bodkin Arrow
57:34 Conscription
57:29 Bracer
ShogunPilo
0:26 Loom
12:36 Feudal Age
18:19 Castle Age
17:54 Double-Bit Axe
23:36 Imperial Age
20:57 Horse Collar
22:07 Gold Mining
25:32 Forging
27:21 Onager
28:10 Scale Mail Armor
32:33 Iron Casting
34:53 Blast Furnace
36:38 Heavy Plow
37:22 Chain Mail Armor
40:00 Squires
42:32 Wheelbarrow
41:43 Town Watch
42:03 Pikeman
42:53 Halberdier
49:11 Fervor
49:25 Sanctity
50:24 Conscription
50:07 Perfusion
50:44 Caravan
52:23 Hand Cart
56:53 Crop Rotation
57:03 Anarchy
57:24 Fletching
59:11 Padded Archer Armor
59:06 Bodkin Arrow
59:49 Sappers
61:04 Masonry
60:35 Treadmill Crane
61:15 Ballistics
61:56 Chemistry
61:01 Stone Mining
61:23 Bow Saw
62:23 Illumination
62:38 Theocracy
61:59 Herbal Medicine
62:05 Devotion
63:09 Two-Man Saw
66:34 Faith
SonLuffy6398
10:32 Feudal Age
8:53 Loom
11:00 Feudal Age
12:55 Double-Bit Axe
15:29 Gold Mining
20:20 Castle Age
19:20 Horse Collar
19:35 Stone Mining
23:38 Bow Saw
25:34 Stone Shaft Mining
25:01 Heavy Plow
29:06 Fletching
29:43 Bodkin Arrow
29:49 Padded Archer Armor
30:20 Silk Road
31:00 Murder Holes
31:27 Ballistics
31:16 Caravan
31:53 Leather Archer Armor
36:02 Imperial Age
33:23 Town Watch
34:25 Wheelbarrow
34:31 Town Patrol
36:04 Hand Cart
36:04 Treadmill Crane
36:35 Masonry
36:37 Fortified Wall
36:26 Elite Genoese Crossbowman
38:57 Conscription
40:08 Bracer
40:38 Ring Archer Armor
41:13 Chemistry
40:43 Architecture
41:43 Two-Man Saw
41:17 Crop Rotation
43:02 Hoardings
42:29 Capped Ram
50:41 Pirotechnia
54:33 Thumb Ring
Connection lost

Rejoining the realm…

Still unreachable

The connection could not be restored.

Session expired

The server has moved on; the page needs a fresh start.